Map: Whirlwind LE (Void)

Players

Kikki - Winner!

  • Race: Zerg Zerg
  • League: Diamond
  • Spawn Location: 7:00

Elza

  • Race: Protoss Protoss
  • League: Master
  • Spawn Location: 1:00

VOD

Have the link to the VOD?

Description

Time

  • Played on: Jan. 1, 2017, 6:17 a.m.
  • Length: 12:31
Show
View Real Time Build Order
Export as new Build Order

Kikki Zerg - Winner!

Build Orders: Hatch First, Lurkers 

Get SALT Encoding   

  12  0:00  Drone  
  13  0:12  Overlord  
  13  0:17  Drone  
  14  0:31  Drone x2  
  14  0:34  Drone  
  17  0:45  Drone  
  18  0:58  Hatchery, Drone  
  18  1:15  Spawning Pool, Drone  
  18  1:18  Extractor  
  18  1:20  Drone  
  18  1:28  Drone  
  19  1:48  Drone  
  20  2:00  Drone x2  
  22  2:10  Hatchery  
  22  2:14  Queen x2  
  25  2:21  Overlord  
  25  2:34  Drone x2  
  28  2:37  Metabolic Boost, Drone  
  28  2:41  Drone  
  29  2:48  Drone x2  
  29  2:49  Drone  
  32  2:56  Queen  
  34  3:01  Overlord  
  34  3:06  Zergling x4  
  36  3:14  Overlord  
  36  3:19  Drone x2  
  38  3:29  Drone x3  
  38  3:30  Drone x2  
  43  3:34  Queen  
  43  3:35  Queen  
  47  3:44  Zergling x6  
  47  3:46  Drone  
  47  3:47  Drone  
  52  3:54  Drone  
  52  3:55  Drone x2  
  55  3:59  Zergling x6  
  55  4:01  Overlord  
  58  4:20  Drone x6  
  63  4:26  Drone  
  63  4:27  Drone  
  65  4:34  Overlord x4  
  65  4:36  Lair  
  65  4:39  Extractor  
  65  4:40  Extractor  
  65  4:42  Extractor  
  65  4:43  Drone  
  65  4:44  Drone x2  
  65  4:47  Spore Crawler  
  65  4:48  Spore Crawler  
  65  4:51  Spore Crawler  
  65  4:52  Drone x2  
  60  4:55  Zergling x6  
  61  5:04  Drone x3  
  64  5:11  Drone  
  64  5:22  Overlord  
  64  5:24  Drone x4  
  64  5:25  Drone  
  64  5:26  Extractor  
  64  5:27  Extractor  
  67  5:33  Drone x3  
  70  5:39  Drone x2  
  70  5:40  Evolution Chamber x2, Drone x2  
  70  5:42  Roach Warren, Drone x3  
  74  5:44  Queen, Drone x2  
  78  5:50  Overseer  
  78  6:11  Overlord x2  
  78  6:12  Zerg Ground Armor Level 1, Zerg Missile Weapons Level 1  
  78  6:16  Hydralisk Den  
  78  6:18  Drone x3  
  78  6:19  Drone x2  
  78  6:20  Drone  
  78  6:21  Roach x5  
  93  6:27  Glial Reconstitution  
  93  6:30  Roach  
  93  6:31  Roach x2  
  99  6:41  Overlord x5  
  99  6:47  Overseer  
  100  6:54  Drone  
  100  7:09  Hydralisk x10  
  100  7:10  Hydralisk x2  
  124  7:22  Hydralisk x3  
  126  7:24  Lurker Den  
  130  7:34  Zergling x2  
  130  7:35  Zergling x20  
  141  7:45  Hydralisk x3  
  146  7:54  Hatchery  
  145  8:01  Hydralisk x4  
  145  8:02  Overlord  
  145  8:03  Overlord x4, Infestation Pit  
  152  8:09  Zerg Missile Weapons Level 2  
  152  8:11  Zerg Ground Armor Level 2  
  152  8:13  Zergling x2  
  152  8:16  Overlord x3  
  153  8:55  Muscular Augments  
  153  8:56  Lurker x5  
  153  8:57  Zergling x2  
  153  8:58  Zergling x26  
  153  9:02  Hive  
  172  9:06  Drone x6  
  178  9:12  Extractor  
  178  9:15  Tunneling Claws  
  177  9:25  Ravager x3  
  180  9:35  Extractor  
  179  10:01  Hydralisk x10  
  179  10:04  Hatchery  
  175  10:32  Hydralisk  
  175  10:33  Roach x4, Hydralisk x9  
  175  10:34  Roach x7, Hydralisk  
  159  10:43  Roach x3  
  159  10:44  Roach x2  
  159  10:48  Roach x3  
  175  10:50  Lurker x2  
  177  11:01  Zergling x2  
  177  11:02  Zergling x14  
  185  11:05  Zergling x4  
  185  11:09  Drone x3  
  190  11:21  Hydralisk x4  
  190  11:23  Zergling x2  
  199  11:41  Hatchery  
  199  11:43  Roach x2, Hydralisk x4  
  199  11:44  Roach x3  
  189  11:50  Hydralisk x2  
  189  11:51  Roach x2  
  189  11:53  Overseer x2  
  197  11:59  Hydralisk  
Show
View Real Time Build Order
Export as new Build Order

Elza Protoss 

Build Orders: Nexus First, Oracle Opening 

Get SALT Encoding   

  12  0:01  Probe (Chrono Boost)  
  13  0:11  Probe (Chrono Boost)  
  14  0:17  Pylon  
  14  0:22  Probe (Chrono Boost)  
  15  0:35  Probe (Chrono Boost)  
  16  0:46  Probe (Chrono Boost)  
  17  0:56  Probe (Chrono Boost)  
  18  1:05  Nexus  
  18  1:07  Probe (Chrono Boost)  
  19  1:15  Gateway  
  19  1:17  Probe (Chrono Boost)  
  20  1:22  Assimilator  
  20  1:27  Assimilator  
  20  1:29  Probe (Chrono Boost)  
  21  1:42  Pylon  
  21  1:46  Probe (Chrono Boost)  
  22  1:57  Probe (Chrono Boost)  
  23  2:02  Cybernetics Core  
  23  2:05  Zealot, Gateway  
  23  2:14  Probe (Chrono Boost)  
  26  2:18  Probe (Chrono Boost)  
  27  2:24  Warp Gate  
  27  2:26  Probe (Chrono Boost)  
  27  2:28  Probe (Chrono Boost)  
  29  2:39  Adept, Mothership Core (Chrono Boost)  
  33  2:47  Probe (Chrono Boost)  
  34  2:53  Pylon  
  34  2:56  Pylon  
  34  2:58  Probe (Chrono Boost)  
  36  3:00  Probe (Chrono Boost)  
  36  3:07  Stargate  
  36  3:08  Probe (Chrono Boost)  
  36  3:12  Probe (Chrono Boost)  
  38  3:17  Stalker  
  38  3:19  Probe (Chrono Boost)  
  41  3:22  Pylon  
  41  3:24  Probe (Chrono Boost)  
  41  3:26  Stalker  
  44  3:38  Probe (Chrono Boost), Pylon  
  44  3:39  Probe (Chrono Boost)  
  46  3:46  Oracle  
  47  3:49  Probe (Chrono Boost)  
  47  3:51  Probe (Chrono Boost)  
  51  3:56  Sentry  
  53  4:12  Nexus  
  53  4:14  Pylon  
  55  4:17  Pylon  
  55  4:18  Probe x2 (Chrono Boost), Assimilator  
  55  4:22  Assimilator  
  55  4:30  Probe x2 (Chrono Boost)  
  57  4:40  Twilight Council  
  57  4:43  Probe x2 (Chrono Boost)  
  59  4:55  Probe x2 (Chrono Boost)  
  59  4:57  Stalker x2  
  65  5:03  Gateway  
  65  5:05  Gateway  
  65  5:07  Probe x2 (Chrono Boost), Gateway  
  67  5:19  Probe (Chrono Boost)  
  68  5:21  Stalker  
  68  5:22  Stalker, Charge  
  68  5:25  Probe (Chrono Boost)  
  73  5:32  Probe (Chrono Boost)  
  74  5:37  Probe (Chrono Boost)  
  74  5:38  Forge  
  75  5:49  Gateway x2  
  75  5:50  Gateway  
  75  5:51  Probe (Chrono Boost), Pylon  
  75  5:52  Probe (Chrono Boost)  
  75  5:53  Sentry, Probe (Chrono Boost)  
  75  5:55  Sentry  
  75  5:56  Protoss Ground Weapons Level 1  
  82  6:02  Probe (Chrono Boost)  
  85  6:05  Probe x2 (Chrono Boost)  
  85  6:16  Probe (Chrono Boost), Pylon  
  85  6:17  Probe x2 (Chrono Boost)  
  85  6:18  Pylon  
  88  6:19  Pylon  
  88  6:20  Pylon  
  88  6:29  Probe (Chrono Boost)  
  88  6:30  Robotics Facility  
  89  6:36  Sentry x2  
  89  6:39  Probe (Chrono Boost)  
  95  6:41  Probe x2 (Chrono Boost)  
  95  6:43  Assimilator  
  95  6:46  Zealot x3  
  95  6:47  Assimilator  
  102  6:50  Probe (Chrono Boost)  
  102  6:53  Probe (Chrono Boost), Pylon  
  105  6:55  Probe (Chrono Boost), Pylon  
  105  7:00  Sentry x3  
  111  7:01  Zealot x2  
  115  7:10  Gateway  
  113  7:22  Photon Cannon  
  113  7:29  Nexus  
  113  7:30  Templar Archives  
  113  7:31  Pylon  
  109  7:43  Observer  
  110  7:53  Stalker x2  
  110  7:55  Stalker x2  
  118  8:15  Gateway  
  118  8:17  High Templar x6, Gateway  
  118  8:18  Gateway  
  130  8:20  Protoss Ground Weapons Level 2  
  130  8:21  Gateway  
  130  8:25  Archon x3  
  130  8:26  Blink  
  130  8:32  Probe (Chrono Boost)  
  130  8:33  Probe x2 (Chrono Boost)  
  133  8:55  High Templar  
  133  8:56  High Templar  
  133  8:58  Zealot x5, Assimilator  
  133  9:00  Pylon  
  133  9:02  Archon, Pylon  
  147  9:03  Assimilator  
  147  9:05  Zealot  
  147  9:06  Zealot, Pylon  
  147  9:08  Observer  
  152  9:17  High Templar x2  
  154  9:19  Zealot x5  
  166  9:24  Photon Cannon  
  166  9:26  Photon Cannon  
  166  9:28  Photon Cannon  
  166  9:31  Photon Cannon  
  166  9:32  Archon  
  166  9:35  Photon Cannon  
  166  9:36  High Templar x2  
  166  9:37  Zealot  
  166  9:38  Zealot  
  174  9:40  Archon  
  174  9:48  High Templar x2  
  174  9:50  Zealot x5  
  174  9:51  Zealot  
  174  9:52  Zealot  
  192  9:53  Archon  
  192  9:57  Warp Prism  
  192  9:58  Pylon  
  192  9:59  Pylon  
  192  10:00  Dark Shrine  
  194  10:10  High Templar x2  
  194  10:12  Zealot  
  200  10:14  Archon  
  200  10:19  Photon Cannon  
  150  10:36  Probe (Chrono Boost)  
  150  10:37  Probe x3 (Chrono Boost)  
  125  10:44  High Templar x2  
  125  10:45  High Templar x2  
  125  10:46  Zealot x5  
  125  10:49  Probe (Chrono Boost)  
  147  10:50  Probe x2 (Chrono Boost), Pylon  
  147  10:51  Probe (Chrono Boost), Pylon  
  147  10:52  Archon  
  147  10:53  Archon  
  147  11:03  Robotics Bay, Probe (Chrono Boost)  
  148  11:04  Zealot x2  
  148  11:08  Pylon  
  152  11:13  Photon Cannon  
  152  11:16  Photon Cannon  
  152  11:19  Photon Cannon  
  152  11:25  High Templar x3  
  158  11:26  High Templar  
  158  11:28  Zealot x6  
  158  11:29  Zealot  
  158  11:30  Archon x2, Nexus  
  174  11:33  Pylon  
  174  11:34  Pylon  
  174  11:39  Pylon  
  116  11:55  Zealot x8  
  116  11:56  Zealot  
  130  12:10  Zealot  
  130  12:11  Zealot x3  
  120  12:16  High Templar  
  120  12:17  High Templar x6  
  120  12:20  Archon  
  120  12:21  Archon x2  
  106  12:25  Zealot x2  
Tags
 
Add a new tag
Caveats
  • Supply blocks, unpowered buildings, or Contaminate may cause inaccurate times.
  • Supply counts are checked every 10 seconds.